 Dungeon Crawl Stone Soup version 0.24.0-5-g267a8d59f4 (webtiles) character file.

Game seed: 4282649218334213142, levelgen mode: deterministic

628 Aelig the Stinger (level 7, -2/55 HPs)
             Began as a Naga Venom Mage on Nov 1, 2019.
             Shot with an arrow by a centaur (8 damage)
             ... on level 5 of the Dungeon.
             The game lasted 00:15:13 (4197 turns).

Aelig the Stinger (Naga Venom Mage)                 Turns: 4197, Time: 00:15:14

Health: -2/55      AC:  5    Str: 10    XL:     7   Next: 48%
Magic:  10/10      EV: 10    Int: 18    God:
Gold:   236        SH:  0    Dex: 11    Spells: 5/11 levels left

rFire    . . .     SeeInvis +   b - +0 short sword
rCold    . . .     Gourm    .   (no shield)
rNeg     . . .     Faith    .   p - +0 robe
rPois    +         Spirit   .   k - +0 helmet (curse)
rElec    .         Reflect  .   (no cloak)
rCorr    .         Harm     .   g - +0 pair of gloves (curse)
MR       .....                  (no barding)
Stlth    ++........             (no amulet)
HPRegen  0.18/turn              s - ring of wizardry
MPRegen  0.12/turn              (no ring)

@: very slow
A: large, see invisible, deformed body, poison resistance, slowness 2, slow
metabolism 1, spit poison 1, AC +2
a: Spit Poison


You were on level 5 of the Dungeon.
You were hungry.

You visited 1 branch of the dungeon, and saw 6 of its levels.

You collected 236 gold pieces.

Inventory:

Hand Weapons
 b - a +0 short sword (weapon)
Armour
 g - a cursed +0 pair of gloves (worn)
 k - a cursed +0 helmet (worn)
 n - a +0 shield
 p - a +0 robe (worn)
Magical Staves
 a - an uncursed staff of energy
Jewellery
 s - a ring of wizardry (left hand)
Wands
 m - a wand of polymorph (3)
Scrolls
 d - 3 scrolls of identify
 e - 3 scrolls of magic mapping
 f - a scroll of enchant armour {unknown}
 j - 2 scrolls of remove curse
 q - a scroll of teleportation
 r - a scroll of amnesia
 t - a scroll of blinking
Potions
 i - a potion of degeneration
 l - a potion of flight
 o - a potion of mutation
Comestibles
 c - 4 rations


   Skills:
 - Level 1.5 Dodging
 - Level 3.0 Stealth
 + Level 2.5 Spellcasting
 + Level 3.5 Conjurations
 - Level 4.0 Air Magic
 + Level 7.8 Poison Magic


You had 5 spell levels left.
You knew the following spells:

 Your Spells              Type           Power        Failure   Level  Hunger
a - Sting                 Conj/Pois      ###.         1%          1    #......
b - Poisonous Vapours     Pois/Air       ###...       1%          2    ##.....
c - Mephitic Cloud        Conj/Pois/Air  ###.....     2%          3    ###....

Your spell library contained the following spells:

 Spells                   Type           Power        Failure   Level  Hunger
 Olgreb's Toxic Radiance  Pois           ####....     2%          4    #####..
 Venom Bolt               Conj/Pois      ###.......   17%         5    ######.


Dungeon Overview and Level Annotations

Branches:
Dungeon (6/15)
 Temple: D:4-7

Altars:
Dithmenos
Fedhas
Okawaru
Qazlal

Annotations:
D:3 Grinder
D:4 Menkaure


Innate Abilities, Weirdness & Mutations

You cannot wear boots.
Your serpentine skin is tough. (AC +2)
You have supernaturally acute eyesight. (SInv)
Armour fits poorly on your strangely shaped body.
Your system is resistant to poisons. (rPois)
You cover ground very slowly.
You have a slow metabolism.
You can spit poison.


Message History

As you read the scroll of teleportation, it crumbles to dust.
You feel strangely unstable. The iron imp hits you!
* * * LOW HITPOINT WARNING * * *
Your surroundings suddenly seem different.
Found an iron ring and 18 gold pieces.
Found a stone staircase leading down.
A centaur comes into view.
There is a stone staircase leading down here.
You climb downwards.
You hear the sound of rushing water.
There is an entrance to a sewer on this level.
Hurry and find it before the portal rusts away! 5 gnolls and a gnoll shaman come into view.
The gnoll shaman shouts!
The gnoll shouts! x4
There is a stone staircase leading up here.
The gnoll barely misses you. The gnoll closely misses you.
You climb upwards.
The centaur shouts!
The centaur wields a +0 shortbow.
The centaur shoots an arrow.
The arrow hits you!
You die...

#.....<.....
#...........
##.......... ##
#.......... ###.
#.......... ##$..#
##......... .....###
#......... #....###
.............
##....g@##...####.......
#.......g$...# ###.....
#=...........# ####..
#........#..## ###
#........#..# #
#.......## .# #.c.....#
# ##.....## #....##


You could see a centaur and 2 gnolls.

Vanquished Creatures
  Sigmund (D:4)
  A phantom (D:3)
  An ogre (D:4)
  An orc wizard (D:3)
  Ijyb (D:4)
  Jessica (D:3)
  2 worker ants (D:4)
  4 gnolls (D:2)
  7 adders
  An ooze (D:3)
  An adder skeleton (D:4)
  A worm (D:4)
  3 leopard geckos
  2 orcs (D:3)
  A ball python (D:4)
  4 giant cockroaches
  7 goblins
  4 hobgoblins
  2 jackals (D:3)
  2 quokkas
  6 bats
  2 frilled lizards (D:2)
  5 kobolds
  4 rats
64 creatures vanquished.

Notes
Turn   | Place    | Note
-------+----------+-------------------------------------------
     0 | D:1      | Aelig the Naga Venom Mage began the quest for the Orb.
     0 | D:1      | Reached XP level 1. HP: 15/15 MP: 3/3
   173 | D:1      | Reached XP level 2. HP: 21/22 MP: 1/5
   177 | D:1      | Learned a level 2 spell: Poisonous Vapours
   579 | D:2      | Reached skill level 5 in Poison Magic
   618 | D:2      | Reached skill level 1 in Air Magic
   618 | D:2      | Reached XP level 3. HP: 7/28 MP: 1/6
   888 | D:2      | Found an iron altar of Okawaru.
   889 | D:2      | Found a stormy altar of Qazlal.
  1085 | D:2      | Found a shadowy altar of Dithmenos.
  1450 | D:2      | Reached XP level 4. HP: 19/36 MP: 0/7
  1978 | D:3      | Reached skill level 6 in Poison Magic
  2061 | D:3      | Noticed Jessica
  2064 | D:3      | Killed Jessica
  2064 | D:3      | Reached XP level 5. HP: 42/42 MP: 1/8
  2233 | D:3      | Learned a level 3 spell: Mephitic Cloud
  2260 | D:3      | Noticed a phantom
  2393 | D:4      | Noticed Ijyb
  2402 | D:4      | Killed Ijyb
  2655 | D:4      | Noticed an ogre
  2659 | D:4      | Killed an ogre
  2659 | D:4      | Reached XP level 6. HP: 46/49 MP: 1/9
  2676 | D:4      | Reached skill level 7 in Poison Magic
  2870 | D:4      | Noticed Sigmund
  2879 | D:4      | Killed Sigmund
  2879 | D:4      | Reached XP level 7. HP: 54/55 MP: 0/10
  3119 | D:4      | Found a blossoming altar of Fedhas.
  3366 | D:4      | Noticed Menkaure
  3711 | D:3      | Noticed Grinder
  4037 | D:5      | Entered Level 5 of the Dungeon
  4197 | D:5      | Shot with an arrow by a centaur

Levels and vault maps discovered:
D:1:      zelgadis_glass_arrival_small, layout_basic, minivault_23
D:2:      layout_loops_ring, nicolae_dithmenos_shadow_blocks,
          grunt_temple_overflow_open
D:3:      layout_basic, lemuel_coloured_pillars_altar, first_ration,
          led_xom_imps, uniq_jessica, uniq_grinder
D:4:      layout_loops_ring, chequers_serial_rivers_room_b, fedhas_altar_4,
          uniq_sigmund, uniq_ijyb, uniq_menkaure
D:5:      layout_cave_pods, marbit_many_paths,
          minmay_temple_entry_statues_fountains
D:6:      layout_basic, nicolae_overflow_crystal_walls, portal_sewer_entry_d

Skill      XL: |  1  2  3  4  5  6 |
---------------+-------------------+-----
Poison Magic   | 5 6 7 |  7.8
Air Magic      | 1 2 3 4 |  4.0
Conjurations   | 2 3 |  3.5
Dodging        | |  1.5
Stealth        | |  3.0
Spellcasting   | |  2.5

Action                   |  1- 3 |  4- 6 |  7- 9 || total
-------------------------+-------+-------+-------++-------
Melee: Short sword       |    27 |    33 |    72 ||   132
       Unarmed           |     5 |       |       ||     5
       Staff             |       |       |     7 ||     7
 Cast: Sting             |    36 |    20 |     7 ||    63
       Poisonous Vapours |     7 |    26 |    14 ||    47
 Abil: Spit Poison       |     2 |     5 |       ||     7
Evoke: Wand              |       |       |    12 ||    12
       Staff of energy   |       |       |     3 ||     3
  Use: Potion            |     3 |       |       ||     3
       Scroll            |       |     6 |     3 ||     9
 Stab: Sleeping          |     1 |       |       ||     1
       Paralysed         |       |       |     9 ||     9
  Eat: Chunk             |     1 |       |       ||     1
       Ration            |       |     2 |     1 ||     3
Armor: Robe              |    12 |    21 |    29 ||    62
       Skin              |     2 |       |       ||     2
Dodge: Dodged            |    21 |    32 |    42 ||    95
